 Dungeon Crawl Stone Soup version 0.27-a0-633-gc6addc0a40 (webtiles) character file.

Game seed: 14023573115465250062

19574 sahdkjhfkaj the Spear-Bearer (level 12, -14/95 HPs)
             Began as a Palentonga Fighter on Mar 13, 2021.
             Was a High Priest of Trog.
             Killed from afar by a molten gargoyle (26 damage)
             ... with a bolt of magma
             ... in a volcano.
             The game lasted 00:19:50 (17511 turns).

sahdkjhfkaj the Spear-Bearer (Palentonga Fighter)  Turns: 17511, Time: 00:19:50

Health: -14/95     AC: 21    Str: 24    XL:     12   Next: 37%
Magic:  12/12      EV:  3    Int:  9    God:    Trog [*****.]
Gold:   658        SH:  0    Dex: 10    Spells: 11/11 levels left

rFire    + . .     SeeInvis +   a - +0 trident
rCold    . . .     Faith    .   I - +4 tower shield
rNeg     . . .     Spirit   .   s - +0 plate armour
rPois    .         Reflect  .   e - +1 hat
rElec    .         Harm     .   (no cloak)
rCorr    .         Rampage  .   (no gloves)
Will     .....                  (no barding)
Stlth    ..........             w - amulet of the acrobat
HPRegen  0.25/turn              m - +4 ring of protection
MPRegen  0.13/turn              j - ring of protection from fire

@: confused, ambrosia-drunk, berserk cooldown, slowed, curled up, very slow
A: large, rugged brown scales 3, see invisible, deformed body, roll 1, armoured
tail, reflexive curl
a: Rolling Charge, Renounce Religion, Berserk, Trog's Hand, Brothers in Arms


You were in a volcano.
You worshipped Trog.
Trog was extremely pleased with you.
You visited 3 branches of the dungeon, and saw 16 of its levels.
You also visited: Volcano.

You collected 658 gold pieces.

Inventory:

Hand Weapons
 a - a +0 trident (weapon)
Missiles
 d - 4 throwing nets
Armour
 e - a +1 hat (worn)
 s - a +0 plate armour (worn)
 I - a +4 tower shield (worn)
Jewellery
 b - a ring of magical power
 h - a +4 ring of slaying
 j - a ring of protection from fire (left hand)
 m - a +4 ring of protection (right hand)
 n - a ring of protection from cold
 v - a +6 ring of intelligence
 w - an amulet of the acrobat (around neck)
 B - an amulet of guardian spirit
 E - a +6 ring of dexterity
Wands
 q - a wand of polymorph (10)
 t - a wand of mindburst (13)
 x - a wand of paralysis (7)
 C - a wand of charming (22)
 K - a wand of digging (7)
Scrolls
 c - a scroll of enchant weapon {unknown}
 f - 2 scrolls of identify
 i - a scroll of magic mapping
 l - 4 scrolls of fog
 u - a scroll of teleportation
 G - a scroll of immolation
Potions
 g - a potion of lignification {unknown}
 k - a potion of brilliance {unknown}
 o - 4 potions of curing
 p - 3 potions of flight {unknown}
 r - a potion of ambrosia
 z - a potion of magic {unknown}
 A - a potion of resistance {unknown}
 F - a potion of invisibility {unknown}
 H - a potion of mutation {unknown}
 J - 2 potions of degeneration {unknown}
 L - a potion of cancellation {unknown}


   Skills:
 - Level 3.0 Fighting
 - Level 14.0 Polearms
 - Level 2.4 Armour
 + Level 11.5 Shields


You had 11 spell levels left.
You didn't know any spells.
Your spell library was empty.

Dungeon Overview and Level Annotations

Branches:
Dungeon (14/15)            Temple (1/1) D:6            Lair (1/6) D:9
    Orc (0/2) D:12        Volcano (1/1)
 Vaults: D:13-14

Altars:
Ashenzari
Cheibriados
Dithmenos
Elyvilon
Fedhas
Gozag
Hepliaklqana
Kikubaaqudgha
Makhleb
Nemelex Xobeh
Okawaru
Qazlal
Ru
Sif Muna
Trog
Uskayaw
Vehumet
Wu Jian
Xom
Yredelemnul
Zin
The Shining One

Portals:
Trove: D:12 (give 2 scrolls of acquirement)

Annotations:
D:3 2 transporters
D:5 1 runed translucent door, srzhan31's ghost, novice GrCj
D:12 1 runed translucent door
Lair:1 exclusion: oklob plant


Innate Abilities, Weirdness & Mutations

You are completely covered in rugged brown scales. (AC +3, +7% HP)
You have supernaturally acute eyesight. (SInv)
Armour fits poorly on your strangely shaped body.
You can roll at nearby foes to attack.
You have a long armoured tail.
You curl defensively after being hit.


Message History

You are too injured to fight recklessly!
You are too injured to fight recklessly!
You are too injured to fight recklessly!
You are too injured to fight recklessly!
Your plate armour prevents you from hitting the molten gargoyle.
You are no longer berserk.
You are exhausted.
You feel yourself slow down.
You hit the molten gargoyle but do no damage.
The molten gargoyle blasts magma at you!
The bolt of magma hits you! You partially resist.
You block the molten gargoyle's attack.
You hit the molten gargoyle.
The molten gargoyle is lightly damaged.
You hit the molten gargoyle but do no damage.
The molten gargoyle is lightly damaged.
The molten gargoyle hits you with a +0 flail!
* * * LOW HITPOINT WARNING * * *
You are engulfed in flames.
You resist.
* * * LOW HITPOINT WARNING * * *
That's the wrong kind of item! (Use * to select it.) Evoke which item? (* to show all) (? for menu, Esc to quit)
Okay, then.
Okay, then.
You are confused.
You feel invigorated.
The molten gargoyle hits you with a +0 flail!
* * * LOW HITPOINT WARNING * * *
You are engulfed in flames.
You resist.
* * * LOW HITPOINT WARNING * * *
The molten gargoyle barely misses you. x2
You bump into the stone wall.
The molten gargoyle hits you with a +0 flail!
* * * LOW HITPOINT WARNING * * *
You are engulfed in flames.
You resist.
* * * LOW HITPOINT WARNING * * *
You bump into the stone wall.
The molten gargoyle blasts magma at you!
The bolt of magma hits you!! You partially resist.
You die...

....## ######.#
§....### ##...##.###
§.....8###..).#..8.#
≈≈.......)..∩.).._.#
≈§....8###....#..8.#
≈≈≈...## ##...##.###
§§≈...### ######.#
≈≈≈≈....#####..#'#
≈≈§≈§....##.[$).@#
≈≈≈≈≈≈...##.$!$9.#
≈≈§≈≈§...##.)$[..#
≈≈§......####..###
§≈§§....## ###
§≈§....## ≈§..§.##
...§.## ...###


You could see a molten gargoyle.

Vanquished Creatures
  3 hydras
  Erica (D:8)
  A two-headed ogre (D:10)
  A hell knight (Volcano)
  A salamander mystic (Volcano)
  An unseen horror (D:10)
  An ugly thing (D:13)
  4 salamanders (Volcano)
  A gargoyle (D:11)
  A molten gargoyle (Volcano)
  A cane toad (Lair:1)
  A centaur skeleton (D:12)
  A kobold demonologist (D:10)
  6 fire bats (Volcano)
  2 wyverns (D:7)
  A basilisk (D:11)
  13 yaks
  2 acid dragons
  5 water moccasins
  An ice beast (D:9)
  9 orc warriors
  3 black bears (D:9)
  7 ogres
  2 hornet zombies
  5 centaurs
  4 phantoms
  2 kobold brigands
  10 bullfrogs
  A wyvern skeleton (D:10)
  8 scorpions
  22 killer bees
  14 wights
  5 howler monkeys
  2 jellies
  2 bullfrog zombies
  7 lava snakes (Volcano)
  A centaur zombie (D:9)
  2 quasits
  7 orc priests
  5 hounds
  Terence (D:3)
  2 bullfrog skeletons
  Ijyb (D:3)
  4 iguanas
  13 orc wizards
  7 worker ants
  A hound zombie (D:11)
  2 hound skeletons
  11 adders
  3 white imps
  6 ufetubi
  An ooze (D:6)
  A worm (D:2)
  A dart slug (D:2)
  2 leopard geckos (D:6)
  54 orcs
  3 bats
  5 giant cockroaches
  3 goblins
  4 hobgoblins
  8 quokkas
  2 ball pythons
  2 frilled lizards
  18 kobolds
  A leopard gecko skeleton (D:5)
  A quokka skeleton (D:8)
  A quokka zombie (D:8)
  9 rats
333 creatures vanquished.

Vanquished Creatures (others)
  27 fungi
  22 plants
49 creatures vanquished.

Grand Total: 382 creatures vanquished

Notes
Turn   | Place    | Note
-------+----------+-------------------------------------------
     0 | D:1      | sahdkjhfkaj the Palentonga Fighter began the quest for the
                  | Orb.
     0 | D:1      | Reached XP level 1. HP: 20/20 MP: 1/1
    40 | D:1      | Reached skill level 2 in Polearms
   139 | D:1      | Reached XP level 2. HP: 11/27 MP: 2/2
   815 | D:2      | Reached skill level 3 in Polearms
  1064 | D:2      | Reached XP level 3. HP: 33/33 MP: 3/3
  1672 | D:3      | Noticed Ijyb
  1712 | D:3      | Killed Ijyb
  1713 | D:3      | Reached skill level 4 in Polearms
  1713 | D:3      | Reached XP level 4. HP: 21/40 MP: 4/4
  1956 | D:3      | Found a transporter.
  1960 | D:3      | Identified the +1 halberd "Diodiadu" {vamp, rF+ Str+3}
  2021 | D:3      | Found an ancient bone altar of Kikubaaqudgha.
  2270 | D:3      | Noticed Terence
  2279 | D:3      | Killed Terence
  2550 | D:3      | Found a transporter.
  2787 | D:4      | Identified the +5 kite shield of Mirth {Str+6}
  2836 | D:4      | Reached skill level 5 in Polearms
  2836 | D:4      | Reached XP level 5. HP: 32/48 MP: 5/5
  3259 | D:4      | Found a shadowy altar of Dithmenos.
  3298 | D:5      | Entered Level 5 of the Dungeon
  3366 | D:5      | Found a runed translucent door.
  3423 | D:5      | Found a blossoming altar of Fedhas.
  3430 | D:5      | Noticed a phantom
  3446 | D:5      | Killed a phantom
  3447 | D:5      | Reached XP level 6. HP: 37/54 MP: 6/6
  3551 | D:5      | Reached skill level 6 in Polearms
  4160 | D:5      | Noticed srzhan31's ghost (novice GrCj)
  4549 | D:6      | Reached skill level 7 in Polearms
  4549 | D:6      | Gained mutation: You curl defensively after being hit.
                  | [Palentonga growth]
  4549 | D:6      | Reached XP level 7. HP: 60/60 MP: 7/7
  4812 | D:6      | Found a staircase to the Ecumenical Temple.
  4833 | Temple   | Entered the Ecumenical Temple
  5114 | Temple   | Became a worshipper of Trog the Wrathful
  5136 | D:6      | Reached skill level 8 in Polearms
  5801 | D:7      | Reached XP level 8. HP: 63/65 MP: 8/8
  5855 | D:7      | Reached skill level 9 in Polearms
  6346 | D:7      | HP: 3/67 [killer bee (6)]
  6692 | D:7      | Found Aghisk's Weapon Emporium.
  6696 | D:7      | Reached skill level 10 in Polearms
  6812 | D:8      | Reached * piety under Trog
  7203 | D:8      | Reached XP level 9. HP: 48/73 MP: 9/9
  7222 | D:7      | Reached skill level 11 in Polearms
  7621 | D:8      | Noticed Erica
  8187 | D:8      | Killed Erica
  8188 | D:8      | Reached skill level 12 in Polearms
  8882 | D:9      | Reached ** piety under Trog
  8883 | D:9      | Reached XP level 10. HP: 63/82 MP: 10/10
  8898 | D:9      | Reached skill level 13 in Polearms
  9263 | D:9      | Found a staircase to the Lair.
 10070 | D:10     | Entered Level 10 of the Dungeon
 10149 | D:10     | Noticed an orange demon
 10393 | D:10     | Reached skill level 14 in Polearms
 10510 | D:10     | Noticed a two-headed ogre
 10605 | D:10     | Killed a two-headed ogre
 10605 | D:10     | Reached *** piety under Trog
 10654 | D:10     | Noticed an unseen horror
 10673 | D:10     | Killed an unseen horror
 10674 | D:10     | Reached skill level 5 in Shields
 11816 | D:11     | Reached XP level 11. HP: 87/87 MP: 11/11
 12299 | D:11     | You fall into a shaft and drop 3 floors!
 12346 | D:14     | Noticed a skeletal warrior
 12346 | D:14     | Noticed a skeletal warrior
 12400 | D:14     | Noticed a four-headed hydra
 12415 | D:13     | Noticed a boulder beetle
 12420 | D:13     | Killed a four-headed hydra
 13464 | D:13     | Noticed a six-headed hydra
 13465 | D:13     | Noticed a purple ugly thing
 13494 | D:13     | Killed a six-headed hydra
 13494 | D:13     | Reached **** piety under Trog
 13499 | D:13     | Killed a purple ugly thing
 13950 | D:12     | Noticed an eight-headed hydra
 13961 | D:12     | Killed an eight-headed hydra
 14167 | D:12     | Found a runed translucent door.
 14335 | D:12     | Found a portal to a secret trove of treasure.
 14335 | D:12     | Found a basalt altar of Yredelemnul.
 14337 | D:12     | Found a staircase to the Orcish Mines.
 15432 | D:11     | Reached skill level 10 in Shields
 15933 | Lair:1   | Entered Level 1 of the Lair of Beasts
 15933 | Lair:1   | Noticed an oklob plant
 16410 | Lair:1   | Found a dark tunnel.
 16420 | Lair:1   | Reached XP level 12. HP: 80/95 MP: 12/12
 16428 | Volcano  | Entered a volcano
 16879 | Volcano  | Reached ***** piety under Trog
 17137 | Volcano  | Found a bloodstained altar of Trog.
 17508 | Volcano  | HP: 4/95 [molten gargoyle/+0 flail (5)]
 17511 | Volcano  | Killed from afar by a molten gargoyle

Illustrated notes

Levels and vault maps discovered:
D:1:      lemuel_arrival_broad_hall, layout_loops_ring, minmay_misc_feat_tiny
D:2:      layout_loops_corners
D:3:      layout_loops_corners, kiku_gazebo_garden_becter,
          gammafunk_ghost_gnarly_gnolls, uniq_terence, uniq_ijyb
D:4:      layout_gridville, nicolae_dithmenos_the_darkroom
D:5:      layout_basic, ebering_ghost_sewer_d, fedhas_altar_3
D:6:      layout_gridville, minmay_temple_entry_arrows,
          kennysheep_pointless_box, solitary_fountain
D:7:      layout_rooms, serial_shops, shop
D:8:      layout_cave_pools, uniq_erica
D:9:      layout_roguey, grunt_lair_entry_orc_guard_hut
D:10:     hangedman_cross_stitches, layout_small_grid
D:11:     layout_small_grid
D:12:     layout_roguey, david_orc_3, basic_altar, enter_trove_0,
          gammafunk_ghost_grave
D:13:     layout_basic
D:14:     layout_loops_ring, ximxim_vaults_locker_room, kennysheep_small_spiral,
          minmay_increasing_density, uniq_frances
Temple:   compressed_dpeg_triangle_lava_temple
Lair:1:   gammafunk_boulding_lane, layout_loops_ring, enter_volcano_1,
          dpeg_stationary_puzzle
Volcano:  volcano_grotto [vgs_original]

Skill      XL: |  1  2  3  4  5  6  7  8  9 10 11 12 |
---------------+-------------------------------------+-----
Polearms       | 2 3 4 5 7 8 10 12 14 | 14.0
Shields        | 5 10 11 | 11.5
Fighting       | |  3.0
Armour         | |  2.4

Action                   |  1- 3 |  4- 6 |  7- 9 | 10-12 || total
-------------------------+-------+-------+-------+-------++-------
Melee: Trident           |    66 |   134 |   354 |  1086 ||  1640
       Tailslap          |     8 |    13 |    47 |   117 ||   185
       Unarmed           |    23 |       |       |       ||    23
Invok: Berserk           |       |       |     4 |    24 ||    28
       Trog's Hand       |       |       |       |     4 ||     4
 Abil: Rolling Charge    |    15 |    24 |    28 |    52 ||   119
Evoke: Wand              |       |       |     2 |     3 ||     5
  Use: Scroll            |     2 |     2 |     1 |    10 ||    15
       Potion            |       |       |     8 |     3 ||    11
Armor: Scale mail        |    29 |    46 |   125 |       ||   200
       Skin              |     2 |       |       |       ||     2
       Chain mail        |       |       |    15 |   332 ||   347
       Plate armour      |       |       |       |    23 ||    23
Dodge: Dodged            |    20 |    25 |    63 |    96 ||   204
Block: Kite shield       |    28 |    89 |   280 |   170 ||   567
       Tower shield      |       |       |       |   745 ||   745

Table legend: (Time is in decaauts)
 A = Elapsed time spent in this place.
 B = Non-inter-level travel time spent in this place.
 C = Inter-level travel time spent in this place.
 D = Time resting spent in this place.
 E = Time spent auto-exploring this place.
 F = Levels seen in this place.
 G = Mean time per level.
                   A        B        C        D        E       F      G
               +--------+--------+--------+--------+--------+-----+--------+
         Total |  17641 |  17038 |    603 |    814 |  13550 |  17 | 1037.7 |
       Dungeon |  15801 |  15219 |    582 |    801 |  11958 |  14 | 1128.6 |
        Temple |    294 |    273 |     21 |      0 |    256 |   1 |  294.0 |
          Lair |    489 |    489 |      0 |      0 |    454 |   1 |  489.0 |
       Volcano |   1054 |   1054 |      0 |     13 |    882 |   1 | 1054.0 |
               +--------+--------+--------+--------+--------+-----+--------+

Top non-repeatable levels by time:
     D:6: 1680 daAuts
     D:7: 1635 daAuts
    D:13: 1542 daAuts
    D:10: 1528 daAuts
     D:9: 1519 daAuts
    D:11: 1423 daAuts
     D:3: 1286 daAuts
     D:8: 1117 daAuts
 Volcano: 1054 daAuts
    D:12: 992 daAuts
     D:5: 909 daAuts
     D:2: 835 daAuts
     D:1: 825 daAuts
  Lair:1: 489 daAuts
     D:4: 395 daAuts
